General information
- name: BNet
- type: Ladder team game (AT/RT)
- host: Battle.net
- saver: sc2no.wc4yes
map: MarketSquare
- players: 8
- length: 11:40
- speed: Fast
- version: 1.26 W3XP
- replay type: Public
» download(79 KB)
Players
team 1 (loser)

»
sc2no.wc4yes (
orange | 83 APM | 971 actions | 11:40)
5 Archmage
3 Blizzard
2 Brilliance Aura
2 Tauren Chieftain
1 Endurance Aura
1 War Stomp
» actions
| Assign group hotkey | 61 | |
| Basic commands | 48 | |
| Build / train | 54 | |
| Enter build submenu | 28 | |
| Enter hero's abilities submenu | 9 | |
| Give item / drop item | 1 | |
| Right click | 299 | |
| Select / deselect | 159 | |
| Select group hotkey | 264 | |
| Use ability | 48 | |
971 total
» units
| Peasant | 14 | |
| Peon | 6 | |
| Grunt | 4 | |
| Rifleman | 6 | |
| Mortar Team | 1 | |
31 total
» upgrades
» buildings
| Altar of Kings | 1 | |
| Farm | 10 | |
| Barracks | 3 | |
| Blacksmith | 1 | |
| War Mill | 1 | |
| Orc Burrow | 4 | |
| Voodoo Lounge | 1 | |
| Stronghold | 2 | |
| Town Hall | 1 | |
| Scout Tower | 1 | |
| Arcane Tower | 1 | |
| Keep | 1 | |
| Fortress | 2 | |
| Castle | 2 | |
| Workshop | 4 | |
35 total
» build order
00:11 Altar of Kings
00:32 Farm
01:08 Barracks
01:18 Blacksmith
01:20 Farm
01:27 War Mill
02:01 Orc Burrow
02:14 Barracks
02:16 Farm
02:20 Barracks
02:23 Farm
02:33 Orc Burrow
03:11 Voodoo Lounge
03:48 Farm
03:51 Farm
04:31 Stronghold
04:31 Stronghold
05:24 Town Hall
05:35 Scout Tower
05:44 Orc Burrow
05:44 Orc Burrow
06:19 Arcane Tower
06:28 Keep
07:21 Fortress
08:03 Farm
08:03 Farm
08:04 Farm
08:04 Farm
10:03 Castle
10:03 Castle
10:06 Workshop
10:07 Workshop
10:08 Workshop
10:26 Workshop
» items
JustTechBaby (
blue | 104 APM | 1219 actions | 11:40)
2 Archmage
1 Blizzard
1 Brilliance Aura
1 Paladin
1 Holy Light
» actions
| Assign group hotkey | 9 | |
| Basic commands | 4 | |
| Build / train | 33 | |
| Enter build submenu | 20 | |
| Enter hero's abilities submenu | 3 | |
| Right click | 462 | |
| Select / deselect | 196 | |
| Select group hotkey | 454 | |
| Use ability | 38 | |
1219 total
» units
| Peasant | 12 | |
| Rifleman | 7 | |
| Mortar Team | 3 | |
22 total
» upgrades
» buildings
| Altar of Kings | 1 | |
| Farm | 11 | |
| Blacksmith | 1 | |
| Barracks | 1 | |
| Scout Tower | 2 | |
| Arcane Tower | 1 | |
| Lumber Mill | 1 | |
| Keep | 1 | |
| Guard Tower | 1 | |
| Arcane Vault | 2 | |
| Workshop | 1 | |
| Castle | 1 | |
24 total
» build order
00:20 Altar of Kings
00:35 Farm
01:08 Farm
01:37 Blacksmith
01:52 Barracks
02:07 Farm
02:13 Scout Tower
02:41 Arcane Tower
03:21 Farm
03:22 Farm
03:26 Lumber Mill
04:46 Keep
04:49 Scout Tower
05:45 Guard Tower
06:00 Arcane Vault
06:11 Farm
06:12 Farm
08:34 Farm
09:19 Farm
09:27 Workshop
09:32 Castle
10:00 Arcane Vault
10:51 Farm
10:53 Farm
trd2000 (
red | 32 APM | 374 actions | 11:40)
4 Blademaster
1 Mirror Image
1 Wind Walk
2 Critical Strike
» actions
| Basic commands | 7 | |
| Build / train | 58 | |
| Enter build submenu | 15 | |
| Enter hero's abilities submenu | 4 | |
| Give item / drop item | 1 | |
| Right click | 81 | |
| Select / deselect | 177 | |
| Use ability | 31 | |
374 total
» units
| Peon | 16 | |
| Grunt | 1 | |
| Troll Headhunter/Berserker | 3 | |
| Raider | 12 | |
| Troll Batrider | 2 | |
34 total
» upgrades
| Melee Weapons | 3 | |
| Ranged Weapons | 2 | |
| Pillage | 1 | |
| Backpack | 1 | |
| Armor | 2 | |
| Ensnare | 1 | |
| Troll Regeneration | 1 | |
11 total
» buildings
| Altar of Storms | 2 | |
| Orc Burrow | 7 | |
| Voodoo Lounge | 1 | |
| Stronghold | 1 | |
| War Mill | 1 | |
| Beastiary | 3 | |
| Spirit Lodge | 1 | |
16 total
» build order
00:09 Altar of Storms
00:18 Orc Burrow
00:24 Altar of Storms
00:28 Orc Burrow
00:39 Voodoo Lounge
02:26 Stronghold
02:54 War Mill
03:02 Orc Burrow
04:21 Orc Burrow
05:08 Beastiary
05:12 Beastiary
07:50 Orc Burrow
08:04 Spirit Lodge
09:04 Orc Burrow
10:36 Orc Burrow
11:33 Beastiary
» items
| Healing Salve | 1 | |
| Lesser Clarity Potion | 3 | |
| Scroll of Speed | 1 | |
| Scroll of Healing | 1 | |
| Periapt of Vitality | 1 | |
7 total
team 2 (winner)
bigwata (
pink | 39 APM | 450 actions | 11:40)
3 Mountain King
2 Storm Bolt
1 Thunder Clap
1 Paladin
1 Holy Light
» actions
| Assign group hotkey | 10 | |
| Basic commands | 36 | |
| Build / train | 35 | |
| Enter build submenu | 17 | |
| Enter hero's abilities submenu | 4 | |
| Right click | 99 | |
| Select / deselect | 104 | |
| Select group hotkey | 113 | |
| Use ability | 32 | |
450 total
» units
| Peasant | 13 | |
| Footman | 2 | |
| Gryphon Rider | 1 | |
16 total
» upgrades
| Swords | 3 | |
| Armor | 2 | |
| Lumber Harvesting | 2 | |
| Storm Hammers | 1 | |
| Animal War Training | 1 | |
9 total
» buildings
| Farm | 6 | |
| Altar of Kings | 1 | |
| Scout Tower | 1 | |
| Arcane Tower | 1 | |
| Barracks | 1 | |
| Lumber Mill | 1 | |
| Blacksmith | 1 | |
| Keep | 1 | |
| Arcane Vault | 1 | |
| Castle | 1 | |
| Gryphon Aviary | 3 | |
| Town Hall | 1 | |
19 total
» build order
00:45 Farm
01:17 Altar of Kings
01:26 Scout Tower
02:01 Farm
02:04 Arcane Tower
02:10 Barracks
02:20 Lumber Mill
03:11 Farm
03:53 Farm
04:03 Blacksmith
04:23 Keep
05:19 Arcane Vault
07:13 Castle
07:21 Gryphon Aviary
07:35 Gryphon Aviary
07:56 Farm
08:54 Gryphon Aviary
10:14 Town Hall
10:43 Farm
Phun (
green | 43 APM | 501 actions | 11:40)
3 Goblin Tinker
1 Pocket Factory
2 Engineering Upgrade
1 Mountain King
1 Bash
» actions
| Assign group hotkey | 11 | |
| Basic commands | 43 | |
| Build / train | 43 | |
| Enter build submenu | 17 | |
| Enter hero's abilities submenu | 4 | |
| Right click | 125 | |
| Select / deselect | 140 | |
| Select group hotkey | 81 | |
| Use ability | 37 | |
501 total
» units
| Peasant | 17 | |
| Footman | 6 | |
| Priest | 2 | |
| Sorceress | 1 | |
| Rifleman | 1 | |
27 total
» upgrades
| Defend | 1 | |
| Lumber Harvesting | 1 | |
| Plating | 1 | |
| Masonry | 1 | |
4 total
» buildings
| Altar of Kings | 1 | |
| Farm | 7 | |
| Barracks | 1 | |
| Scout Tower | 8 | |
| Arcane Tower | 1 | |
| Keep | 1 | |
| Blacksmith | 1 | |
| Lumber Mill | 1 | |
| Arcane Vault | 1 | |
| Arcane Sanctum | 1 | |
| Town Hall | 1 | |
| Guard Tower | 1 | |
| Castle | 1 | |
26 total
» build order
00:17 Altar of Kings
00:19 Farm
00:25 Barracks
01:17 Farm
02:15 Scout Tower
02:17 Farm
02:43 Arcane Tower
04:13 Farm
04:35 Keep
06:00 Blacksmith
06:04 Lumber Mill
06:47 Arcane Vault
07:05 Arcane Sanctum
07:56 Farm
08:38 Town Hall
08:46 Scout Tower
08:47 Scout Tower
08:49 Scout Tower
08:51 Scout Tower
08:52 Scout Tower
10:32 Scout Tower
10:36 Farm
10:37 Farm
11:34 Guard Tower
11:38 Castle
» items
| Scroll of Regeneration | 1 | |
| Lesser Clarity Potion | 1 | |
2 total

»
MOUNTBLADE (
purple | 102 APM | 1194 actions | 11:40)
4 Mountain King
2 Storm Bolt
2 Bash
» actions
| Assign group hotkey | 14 | |
| Basic commands | 87 | |
| Build / train | 44 | |
| ESC pressed | 2 | |
| Enter build submenu | 24 | |
| Enter hero's abilities submenu | 4 | |
| Right click | 538 | |
| Select / deselect | 195 | |
| Select group hotkey | 247 | |
| Use ability | 39 | |
1194 total
» units
» upgrades
| Gunpowder | 1 | |
| Masonry | 1 | |
| Armor | 1 | |
| Long Rifles | 1 | |
4 total
» buildings
| Lumber Mill | 1 | |
| Altar of Kings | 1 | |
| Farm | 10 | |
| Scout Tower | 9 | |
| Guard Tower | 6 | |
| Blacksmith | 1 | |
| Barracks | 1 | |
| Arcane Vault | 1 | |
| Keep | 1 | |
| Castle | 1 | |
32 total
» build order
00:07 Lumber Mill
01:04 Altar of Kings
01:19 Farm
01:22 Scout Tower
01:38 Guard Tower
01:40 Scout Tower
02:06 Scout Tower
02:22 Guard Tower
02:25 Scout Tower
02:30 Scout Tower
02:34 Scout Tower
02:35 Guard Tower
03:01 Scout Tower
03:11 Blacksmith
03:13 Farm
03:32 Barracks
04:00 Guard Tower
04:14 Farm
04:20 Scout Tower
04:40 Farm
04:50 Guard Tower
04:57 Scout Tower
05:24 Guard Tower
05:27 Farm
05:42 Arcane Vault
08:13 Keep
08:29 Farm
09:23 Farm
09:55 Farm
10:19 Farm
10:35 Castle
10:37 Farm
» items
| Orb of Fire | 1 | |
| Scroll of Town Portal | 1 | |
| Scroll of Regeneration | 1 | |
| Lesser Clarity Potion | 1 | |
4 total

»
boblegeorge (
yellow | 23 APM | 269 actions | 11:40)
3 Paladin
2 Devotion Aura
1 Divine Shield
» actions
| Basic commands | 8 | |
| Build / train | 26 | |
| Enter build submenu | 17 | |
| Enter hero's abilities submenu | 3 | |
| Right click | 92 | |
| Select / deselect | 103 | |
| Use ability | 20 | |
269 total
» units
» upgrades
| Masonry | 1 | |
| Swords | 2 | |
| Plating | 1 | |
| Lumber Harvesting | 1 | |
5 total
» buildings
| Altar of Kings | 1 | |
| Farm | 8 | |
| Barracks | 1 | |
| Lumber Mill | 1 | |
| Keep | 1 | |
| Blacksmith | 1 | |
| Castle | 1 | |
| Scout Tower | 4 | |
| Guard Tower | 2 | |
| Gryphon Aviary | 2 | |
| Town Hall | 1 | |
23 total
» build order
00:28 Altar of Kings
00:43 Farm
01:24 Barracks
01:45 Farm
03:02 Lumber Mill
03:36 Keep
03:59 Farm
04:00 Farm
04:01 Farm
04:23 Blacksmith
05:55 Farm
07:20 Castle
07:34 Scout Tower
07:35 Scout Tower
07:35 Scout Tower
07:36 Scout Tower
07:41 Farm
07:42 Farm
08:09 Guard Tower
09:07 Gryphon Aviary
09:36 Guard Tower
10:39 Gryphon Aviary
10:47 Town Hall
Chat log
(00:16 / Allies) JustTechBaby: good
(00:26 / Allies) sc2no.wc4yes: im willing to take him but only if noone else ever touches him again
(00:32 / Allies) JustTechBaby: kk
(00:48 / Allies) sc2no.wc4yes: lol
(01:45 / Allies) sc2no.wc4yes: tech share control for a second
(01:59 / Allies) JustTechBaby: no what the fuck
(02:04 / Allies) sc2no.wc4yes: your call
(06:15 / Allies) sc2no.wc4yes: elts do mid
(07:15 / Allies) sc2no.wc4yes: is this for real?
(07:22 / Allies) sc2no.wc4yes: ok
(07:26 / Allies) sc2no.wc4yes: i wont touch leaver agian
(07:30 / Allies) sc2no.wc4yes: hes all yours now
(08:43 / Allies) sc2no.wc4yes: so you didnt want to manage leaver
(08:49 / Allies) sc2no.wc4yes: you just wanted to fuck up what i was doing with him
(08:49 / Allies) sc2no.wc4yes: i see
(08:56 / Allies) JustTechBaby: i didn't touch him dude
(09:49 / Allies) sc2no.wc4yes: yeah i was talking to the person who did
(09:51 / Allies) sc2no.wc4yes: he knows who he is
(10:46 / Allies) sc2no.wc4yes: get raped
(10:49 / Allies) sc2no.wc4yes: horribly raped
(10:51 / Allies) sc2no.wc4yes: raped and owned
(10:55 / Allies) sc2no.wc4yes: dominated and raped
(11:02 / Allies) sc2no.wc4yes: completely owned
(11:17 / Allies) sc2no.wc4yes: raped til you cant walk
(11:21 / Allies) sc2no.wc4yes: humiliated
(11:22 / Allies) sc2no.wc4yes: shit on
(11:34 / Allies) sc2no.wc4yes: well this games over
(11:37 / Allies) sc2no.wc4yes: whoever fucked with the leaver
(11:39 / Allies) sc2no.wc4yes: i hope yorue happy